 Dungeon Crawl Stone Soup version 0.24-a0-244-ga6a6ab7 (webtiles) character file.

Game seed: 2133006913822738231

79307 Ijustatesigmund the Timeless (level 15, -7/107 HPs)
             Began as an Octopode Fighter on Apr 10, 2019.
             Was a High Priest of Cheibriados.
             Killed from afar by Roxanne (36 damage)
             ... with an iron shot
             ... on level 15 of the Dungeon.
             The game lasted 01:00:16 (24878 turns).

Ijustatesigmund the Timeless (Octopode Fighter)    Turns: 24878, Time: 01:00:17

Health: -7/107     AC:  4    Str: 30    XL:     15   Next: 63%
Magic:  26/26      EV: 24    Int: 29    God:    Cheibriados [*****.]
Gold:   1435       SH: 19    Dex: 27    Spells: 4/14 levels left

rFire    . . .     SeeInvis .   a - +9 war axe (elec)
rCold    + . .     Gourm    .   b - +5 shield
rNeg     . . .     Faith    .   p - +2 hat
rPois    +         Spirit   .   O - amulet of regeneration
rElec    +         Reflect  .   u - ring of flight
rCorr    .         Harm     .   A - ring of poison resistance
MR       +....                  G - ring of the Kraken {*Contam rC+ EV+3 Str+3}
Stlth    ++++......             L - ring of Arphiedd {rElec Int+6}
HPRegen  0.67/turn              (no ring)
MPRegen  0.20/turn              (no ring)
                                (no ring)
                                (no ring)

@: very slow
A: almost no armour, stealthy swim, amphibious, 8 rings, constrict 8, camouflage
1, shaggy fur 1, gelatinous body 1
a: Bend Time, Temporal Distortion, Slouch, Step From Time, Renounce Religion,
Evoke Flight


You were on level 15 of the Dungeon.
You worshipped Cheibriados.
Cheibriados was extremely pleased with you.
You were not hungry.

You visited 4 branches of the dungeon, and saw 24 of its levels.
You also visited: Sewer and Bailey.

You collected 2638 gold pieces.
You spent 1203 gold pieces at shops.

Inventory:

Hand Weapons
 a - a +9 war axe of electrocution (weapon)
 w - a +0 flail of protection
 x - the +8 flail of Fizib {drain, rF+}
   (You took it off a centaur on level 8 of the Dungeon)

   A truly terrible weapon, it drains the life of those it strikes.
   It protects you from fire.
 C - a +1 broad axe of draining
Armour
 b - a +5 shield (worn)
 p - a +2 hat (worn)
Jewellery
 m - an uncursed ring of ice
 u - a ring of flight (left tentacle)
 A - a ring of poison resistance (right tentacle)
 G - the ring of the Kraken (on tentacle) {*Contam rC+ EV+3 Str+3}
   (You bought it in a shop on level 5 of the Dungeon)

   [ring of evasion]

   It affects your evasion (+3).
   It affects your strength (+3).
   It protects you from cold.
   It causes magical contamination when unequipped.
 L - the ring of Arphiedd (on tentacle) {rElec Int+6}
   (You found it on level 4 of the Lair of Beasts)

   [ring of intelligence]

   It affects your intelligence (+6).
   It insulates you from electricity.
 O - an amulet of regeneration (around mantle)
Wands
 r - a wand of flame (20)
 y - a wand of disintegration (7)
 F - a wand of enslavement (9)
 J - a wand of clouds (1)
 M - a wand of iceblast (17)
 N - a wand of polymorph (13)
Scrolls
 c - 9 scrolls of teleportation
 e - 6 scrolls of amnesia
 g - 3 scrolls of fear
 h - 12 scrolls of remove curse
 i - 11 scrolls of immolation
 s - 3 scrolls of fog
 t - 4 scrolls of magic mapping
 D - 6 scrolls of identify
 H - a scroll of blinking
Potions
 f - 12 potions of flight
 j - 3 potions of curing
 k - 3 potions of magic
 l - a potion of agility
 n - 3 potions of brilliance
 o - a potion of lignification
 q - 3 potions of ambrosia
 v - 5 potions of cancellation
 B - 2 potions of mutation
 I - 4 potions of resistance
Miscellaneous
 K - a lightning rod (4/4)
Comestibles
 d - 38 rations
 z - 2 chunks of flesh


   Skills:
 - Level 11.3 Fighting
 - Level 12.0 Axes
 - Level 8.6 Dodging
 - Level 4.4 Stealth
 - Level 9.7 Shields
 + Level 2.1 Charms
 - Level 6.4 Translocations
 + Level 2.2 Ice Magic
 - Level 15.7 Invocations
 - Level 9.1 Evocations


You had 4 spell levels left.
You knew the following spells:

 Your Spells              Type           Power        Failure   Level  Hunger
a - Magic Dart            Conj           #...         21%         1    ##.....
b - Blink                 Tloc           N/A          2%          2    ###....
c - Apportation           Tloc           #####.       1%          1    ##.....
d - Lesser Beckoning      Tloc           #####.....   4%          3    ####...
e - Ozocubu's Armour      Chrm/Ice       ##......     24%         3    ####...

Your spell library contained the following spells:

 Spells                   Type           Power        Failure   Level  Hunger
 Shroud of Golubria       Chrm/Tloc      ####......   4%          2    ###....
 Gell's Gravitas          Tloc           #####.....   4%          3    ####...
 Freeze                   Ice            ##..         9%          1    ##.....
 Infusion                 Chrm           ##..         9%          1    ##.....
 Song of Slaying          Chrm           ##......     12%         2    ###....
 Portal Projectile        Hex/Tloc       ###...       16%         3    ####...
 Ensorcelled Hibernation  Hex/Ice        #.....       19%         2    ###....
 Throw Frost              Conj/Ice       #.....       19%         2    ###....
 Confusing Touch          Hex            #.....       21%         1    ##.....
 Corona                   Hex            #......      21%         1    ##.....
 Summon Butterflies       Summ           #.......     21%         1    ##.....
 Call Imp                 Summ           #.......     30%         2    ###....
 Slow                     Hex            #.......     30%         2    ###....
 Regeneration             Chrm/Necr      #.........   36%         3    ####...
 Spectral Weapon          Hex/Chrm       #.......     36%         3    ####...
 Confuse                  Hex            #.......     52%         3    ####...
 Conjure Flame            Conj/Fire      #.......     52%         3    ####...
 Dazzling Spray           Conj/Hex       #.....       52%         3    ####...
 Inner Flame              Hex/Fire       #.......     52%         3    ####...
 Mephitic Cloud           Conj/Pois/Air  #.......     52%         3    ####...
 Tukima's Dance           Hex            #.......     52%         3    ####...
 Summon Ice Beast         Ice/Summ       #.......     77%         4    #####..
 Throw Icicle             Conj/Ice       #.......     77%         4    #####..
 Cause Fear               Hex            #.........   89%         4    #####..
 Leda's Liquefaction      Hex/Erth       #.........   89%         4    #####..
 Petrify                  Tmut/Erth      #.......     89%         4    #####..
 Metabolic Englaciation   Hex/Ice        #.........   98%         5    ######.
 Alistair's Intoxication  Tmut/Pois      #.......     99%         5    ######.
 Bolt of Magma            Conj/Fire/Erth #.........   99%         5    ######.
 Yara's Violent Unravell  Hex/Tmut       #.........   99%         5    ######.
 Invisibility             Hex            #.......     100%        6    #######
 Iron Shot                Conj/Erth      #.........   100%        6    #######
 Poison Arrow             Conj/Pois      #.........   100%        6    #######
 Statue Form              Tmut/Erth      #........    100%        6    #######
 Chain Lightning          Conj/Air       #.........   100%        8    #######
 Lehudib's Crystal Spear  Conj/Erth      #.........   100%        8    #######
 Fire Storm               Conj/Fire      #.........   100%        9    #######
 Glaciate                 Conj/Ice       #.........   100%        9    #######
 Shatter                  Erth           #.........   100%        9    #######


Dungeon Overview and Level Annotations

Branches:
Dungeon (15/15)            Temple (1/1) D:6            Lair (6/6) D:9
  Swamp (0/4) Lair:3        Snake (0/4) Lair:3        Slime (0/5) Lair:6
    Orc (2/2) D:12            Elf (0/3) Orc:2        Vaults (0/5) D:13
 Depths: D:15

Altars:
Ashenzari
Cheibriados
Dithmenos
Elyvilon
Fedhas
Gozag
Hepliaklqana
Kikubaaqudgha
Makhleb
Nemelex Xobeh
Okawaru
Qazlal
Ru
Sif Muna
Trog
Uskayaw
Vehumet
Wu Jian
Xom
Yredelemnul
Zin
The Shining One
Beogh
Jiyva

Shops:
D:5 =   D:6 :   D:11 *   D:14 !   Orc:2 %}([

Portals:
Trove: D:13 (give 6 scrolls of blinking)

Annotations:
D:11 2 transporters
D:14 2 transporters, exclusion: obsidian statue
D:15 exclusion: Roxanne, Roxanne


Innate Abilities, Weirdness & Mutations

You cannot wear most types of armour.
You are very stealthy in the water. (Stealth+)
You are amphibious.
You can wear up to eight rings at the same time.
You can use your tentacles to constrict eight enemies at once.
Your skin changes colour to match your surroundings (Stealth+).
Your rubbery body absorbs attacks. (AC +1, EV +1)
You are covered in fur. (AC +1)


Message History

Roxanne is lightly damaged.
You slash Roxanne! You squeeze Roxanne, but do no damage.
Roxanne is lightly damaged.
You slash Roxanne! You squeeze Roxanne, but do no damage.
Roxanne is moderately damaged.
You hit Roxanne but do no damage.
Roxanne is moderately damaged.
You hit Roxanne. You squeeze Roxanne!
Roxanne is moderately damaged.
You slash Roxanne! You squeeze Roxanne, but do no damage.
Roxanne is moderately damaged.
You hit Roxanne.
Roxanne is moderately damaged.
You hit Roxanne.
Roxanne is heavily damaged.
You hit Roxanne. You squeeze Roxanne.
Roxanne is heavily damaged.
Roxanne casts a spell.
The iron shot hits you!!!
You die...

###....^....... #..........!.
#.......#### #.......# #.......#
#. ##......#### #. #.........# #.
#......##.####.... #..#.
#......#.@.##..... .D##.
#........8.##.....## .##..
#####..................##.#...
#.........................#...
####....########...[......8..#...
#.......# #............##.##
#.......# #...........##..#
#.......# ##.......†.##...#
#.......# #.......[##....#


You could see Roxanne.

Vanquished Creatures
  A stone giant (Orc:2)
  The ghost of Usuiphel the Grim Reaper, a journeyman MiFi of Yredelemnul (Lair:5)
  An ettin (Orc:1)
  A death ooze (Lair:4)
  Snorg (D:10)
  2 fire dragons (D:15)
  Fannar (Lair:3)
  Erolcha (Orc:1)
  An ice dragon (D:15)
  A catoblepas (Lair:6)
  2 two-headed ogres (D:13)
  2 hydras
  An anaconda (Lair:6)
  Urug (Lair:6)
  11 death yaks (Lair:6)
  A deep troll shaman (Lair:6)
  An orc high priest (Orc:1)
  Sonja (Orc:1)
  A deep elf knight (Bailey)
  Nergalle (Lair:3)
  11 deep elf magi
  4 orc sorcerers (Orc:1)
  12 orc knights
  A manticore (D:13)
  5 ugly things
  A centaur zombie (D:13)
  2 cyclopes
  7 elephants
  4 black mambas
  Psyche (D:9)
  A kobold demonologist (D:13)
  3 komodo dragons
  4 spiny frogs
  5 rime drakes
  A redback zombie (D:14)
  3 meliai (D:14)
  4 trolls
  A polar bear (Lair:6)
  A jumping spider (shapeshifter) (D:13)
  4 slime creatures
  2 bog bodies (Lair:3)
  7 blink frogs
  14 dream sheep
  13 hippogriffs
  5 wyverns
  2 vampires (D:15)
  A human (D:11)
  40 yaks
  4 hogs (D:11)
  2 wraiths
  3 basilisks
  6 vampire mosquitoes
  4 hungry ghosts
  3 swamp worms (Lair:3)
  Edmund (D:6)
  An acid dragon (D:13)
  7 nagas (Lair:3)
  3 wargs (Orc:2)
  11 water moccasins
  5 porcupines
  3 eyes of draining
  29 orc warriors
  2 sky beasts
  4 ice beasts
  4 black bears
  2 necrophages
  12 ogres
  3 phantoms
  16 wolves
  4 centaurs
  9 crocodiles
  5 big kobolds
  19 bullfrogs
  5 scorpions
  4 killer bees
  A vampire bat (Lair:1)
  5 wights (D:13)
  4 electric eels
  6 howler monkeys
  3 crimson imps
  A lava snake (D:13)
  2 bullfrog zombies
  4 centaur skeletons
  9 hounds
  5 jellies
  17 orc priests
  21 orc wizards
  6 iguanas
  2 bullfrog skeletons
  Terence (D:2)
  7 worker ants
  A killer bee zombie (D:10)
  A hound zombie (D:5)
  A hound skeleton (D:5)
  A howler monkey zombie (D:6)
  A howler monkey skeleton (D:5)
  12 adders
  4 gnolls (D:3)
  A river rat (Sewer)
  3 shadow imps
  2 oozes
  2 adder zombies
  An adder skeleton (D:10)
  5 worms
  A dart slug (D:3)
  9 leopard geckos
  75 orcs
  6 ball pythons
  6 giant cockroaches
  9 goblins
  2 hobgoblins
  18 jackals
  3 quokkas
  14 bats
  5 frilled lizards
  21 kobolds
  A leopard gecko skeleton (D:8)
  2 quokka zombies
  7 rats
  2 fungi (Lair:3)
  A plant (Lair:4)
674 creatures vanquished.

Vanquished Creatures (others)
  17 fungi
  11 plants (Lair:6)
28 creatures vanquished.

Grand Total: 702 creatures vanquished

Notes
Turn   | Place    | Note
-------+----------+-------------------------------------------
     0 | D:1      | Ijustatesigmund the Octopode Fighter began the quest for
                  | the Orb.
     0 | D:1      | Reached XP level 1. HP: 16/16 MP: 1/1
   373 | D:1      | You fall through a shaft!
   376 | D:2      | Reached XP level 2. HP: 19/21 MP: 2/2
   644 | D:2      | Reached XP level 3. HP: 20/26 MP: 3/3
   854 | D:2      | Found a hazy altar of Hepliaklqana.
   854 | D:2      | Found a basalt altar of Yredelemnul.
  1024 | D:2      | Noticed Terence
  1028 | D:2      | Killed Terence
  1028 | D:2      | Reached XP level 4. HP: 27/33 MP: 4/4
  1350 | D:2      | Reached XP level 5. HP: 25/37 MP: 5/5
  1446 | D:2      | Gained mutation: Potions are less effective at restoring
                  | your health. [potion of mutation]
  1446 | D:2      | Gained mutation: You are dopey. (Int -2) [potion of
                  | mutation]
  1446 | D:2      | Gained mutation: You are agile. (Dex +2) [potion of
                  | mutation]
  1864 | D:3      | Found a sacrificial altar of Ru.
  2105 | D:3      | Reached skill level 5 in Axes
  2114 | D:3      | Reached XP level 6. HP: 44/44 MP: 6/6
  2467 | D:4      | Reached XP level 7. HP: 13/49 MP: 7/7
  2963 | D:4      | Reached skill level 5 in Fighting
  3005 | D:4      | Found a radiant altar of Vehumet.
  3214 | D:5      | Entered Level 5 of the Dungeon
  3303 | D:5      | HP: 2/50 [phantom (4)]
  3477 | D:5      | Reached XP level 8. HP: 33/55 MP: 8/8
  3571 | D:5      | Found Xokkut's Jewellery Boutique.
  3710 | D:5      | Found a glowing drain.
  3714 | Sewer    | Entered a sewer
  4102 | D:5      | Reached skill level 5 in Dodging
  4102 | D:5      | Reached skill level 5 in Shields
  4430 | D:6      | Found a staircase to the Ecumenical Temple.
  4439 | D:6      | Reached XP level 9. HP: 47/62 MP: 9/9
  4478 | Temple   | Entered the Ecumenical Temple
  4507 | Temple   | Became a worshipper of Cheibriados the Contemplative
  4573 | D:6      | Noticed Edmund
  4585 | D:6      | Killed Edmund
  4585 | D:6      | Reached skill level 1 in Invocations
  4663 | D:6      | Reached skill level 2 in Invocations
  4682 | D:6      | Found a white marble altar of Elyvilon.
  4682 | D:6      | Found a blossoming altar of Fedhas.
  4770 | D:6      | Reached skill level 3 in Invocations
  4816 | D:6      | Found a glowing silver altar of Zin.
  4870 | D:6      | Found a glowing silver altar of Zin.
  4936 | D:6      | Found Wofijoing's Book Shoppe.
  4939 | D:6      | Bought a book of Minor Magic for 240 gold pieces
  4941 | D:6      | Learned a level 1 spell: Magic Dart
  4944 | D:6      | Learned a level 2 spell: Blink
  5210 | D:7      | Reached skill level 1 in Translocations
  5327 | D:7      | Found an ornate altar of the Wu Jian Council.
  5354 | D:7      | Reached * piety under Cheibriados
  5363 | D:7      | Reached skill level 4 in Invocations
  5885 | D:7      | Reached skill level 5 in Invocations
  6214 | D:8      | Found an ancient bone altar of Kikubaaqudgha.
  6232 | D:8      | Identified the +8 flail of Fizib {drain, rF+}
  6484 | D:8      | Got a twitching steel amulet
  6490 | D:8      | Lost mutation: You are dopey. (Int -2) [potion of mutation]
  6490 | D:8      | Lost mutation: Potions are less effective at restoring your
                  | health. [potion of mutation]
  6490 | D:8      | Lost mutation: You are agile. (Dex +2) [potion of mutation]
  6490 | D:8      | Gained mutation: You expend magic power (3 MP) to
                  | strengthen your wands. [potion of mutation]
  6490 | D:8      | Lost mutation: You expend magic power (3 MP) to strengthen
                  | your wands. [potion of mutation]
  6490 | D:8      | Gained mutation: You are covered in fur. (AC +1) [potion of
                  | mutation]
  6539 | D:8      | Identified the amulet "Kovoysoq" {Faith *Corrode MP+9
                  | Dex+7} (You found it on level 8 of the Dungeon)
  6612 | D:8      | Reached skill level 6 in Invocations
  6612 | D:8      | Reached XP level 10. HP: 62/68 MP: 14/14
  6649 | D:8      | Reached ** piety under Cheibriados
  7310 | D:9      | Reached skill level 5 in Translocations
  7346 | D:9      | Noticed Psyche
  7356 | D:9      | Killed Psyche
  7356 | D:9      | Reached skill level 7 in Invocations
  7579 | D:9      | Found a staircase to the Lair.
  7614 | D:9      | Reached *** piety under Cheibriados
  7624 | D:9      | Found a bloodstained altar of Trog.
  7883 | D:10     | Entered Level 10 of the Dungeon
  7885 | D:10     | Reached skill level 8 in Invocations
  8108 | D:10     | Reached **** piety under Cheibriados
  8532 | D:10     | Noticed Snorg
  8537 | D:11     | Found a transporter.
  8537 | D:11     | Found a transporter.
  8537 | D:11     | Noticed an orc high priest
  8538 | D:11     | Noticed a two-headed ogre
  8539 | D:11     | Noticed a cyclops
  9084 | D:10     | Killed Snorg
  9084 | D:10     | Reached XP level 11. HP: 62/75 MP: 17/17
  9215 | D:11     | Found Effenlya's Demolitions Depot.
  9232 | D:11     | Reached skill level 9 in Invocations
  9418 | D:11     | Reached ***** piety under Cheibriados
  9466 | D:11     | Learned a level 1 spell: Apportation
  9470 | D:11     | Learned a level 3 spell: Lesser Beckoning
  9516 | D:11     | Noticed an ogre mage
  9521 | D:11     | Found a roughly hewn altar of Beogh.
  9702 | D:11     | Noticed a six-headed hydra
  9718 | D:11     | HP: 1/75 [six-headed hydra (7)]
 10114 | D:11     | Killed a six-headed hydra
 11357 | Lair:1   | Entered Level 1 of the Lair of Beasts
 11818 | Lair:1   | Reached skill level 10 in Invocations
 12278 | Lair:1   | Identified a scroll of acquirement
 12702 | Lair:2   | Reached XP level 12. HP: 80/84 MP: 19/19
 13308 | D:5      | Bought the ring of the Kraken {*Contam rC+ EV+3 Str+3} for
                  | 464 gold pieces
 13508 | Lair:4   | Found a runed translucent gate.
 13514 | Lair:4   | Reached skill level 10 in Axes
 14265 | Lair:3   | Noticed Nergalle
 14278 | Lair:3   | Killed Nergalle
 14330 | Lair:3   | Noticed Fannar
 14337 | Lair:3   | Killed Fannar
 14337 | Lair:3   | Reached skill level 11 in Invocations
 14807 | Lair:3   | Found a staircase to the Snake Pit.
 14921 | Lair:3   | Found a staircase to the Swamp.
 14930 | Lair:3   | Reached ****** piety under Cheibriados
 15225 | Lair:4   | Reached skill level 10 in Fighting
 15858 | Lair:4   | Reached XP level 13. HP: 93/93 MP: 21/21
 15919 | Lair:4   | Reached skill level 12 in Invocations
 16035 | Lair:4   | Found a runed translucent gate.
 16037 | Lair:4   | Found a runed translucent gate.
 16037 | Lair:4   | Noticed a death ooze
 16038 | Lair:4   | Noticed Usuiphel's ghost (journeyman MiFi)
 16040 | Lair:4   | Found a viscous altar of Jiyva.
 16714 | Lair:4   | Got a shimmering bronze ring
 16718 | Lair:4   | Killed a death ooze
 16720 | Lair:4   | Identified the ring of Arphiedd {rElec Int+6} (You found it
                  | on level 4 of the Lair of Beasts)
 16816 | Lair:5   | Killed Usuiphel's ghost
 17568 | Lair:6   | Entered Level 6 of the Lair of Beasts
 17573 | Lair:6   | Reached skill level 1 in Evocations
 18046 | Lair:6   | Reached skill level 13 in Invocations
 18153 | Lair:6   | Noticed Urug
 18165 | Lair:6   | Killed Urug
 18603 | Lair:6   | Reached skill level 5 in Evocations
 18959 | Lair:6   | Found a viscous altar of Jiyva.
 18959 | Lair:6   | Found a staircase to the Slime Pits.
 19009 | Lair:6   | Reached XP level 14. HP: 99/99 MP: 24/24
 19014 | Lair:6   | Reached skill level 14 in Invocations
 20008 | D:12     | Found a staircase to the Orcish Mines.
 20256 | D:13     | Found a gate to the Vaults.
 20385 | D:13     | Reached skill level 15 in Invocations
 20884 | D:13     | Found a portal to a secret trove of treasure.
 21225 | D:14     | Found a transporter.
 21230 | D:14     | Found a burning altar of Makhleb.
 21251 | D:14     | Found a transporter.
 21286 | D:14     | Found Zeriam's Distillery.
 21294 | D:14     | Bought a potion of mutation for 120 gold pieces
 21294 | D:14     | Bought a potion of heal wounds for 75 gold pieces
 22092 | Orc:1    | Entered Level 1 of the Orcish Mines
 22118 | Orc:1    | Noticed Sonja
 22123 | Orc:1    | Killed Sonja
 22126 | Orc:1    | Found a flagged portal.
 22144 | Bailey   | Entered a bailey
 22722 | Bailey   | Reached XP level 15. HP: 102/105 MP: 26/26
 22965 | Orc:2    | Entered Level 2 of the Orcish Mines
 23038 | Orc:2    | Found a roughly hewn altar of Beogh.
 23134 | Orc:2    | Found a roughly hewn altar of Beogh.
 23209 | Orc:2    | Found a staircase to the Elven Halls.
 23719 | Orc:2    | Found Fuapicy's Gadget Shop.
 23751 | Orc:2    | Found Icsim's Food Emporium.
 23953 | Orc:2    | Found Mawoov's Antique Weapon Emporium.
 23953 | Orc:2    | Found Kuunoira's Armour Shop.
 23987 | Orc:2    | Bought a fine hand axe for 304 gold pieces
 23987 | Orc:2    | Identified the cursed +1 hand axe "Mofog" {antimagic,
                  | rElec} (You bought it in a shop on level 2 of the Orcish
                  | Mines)
 24212 | Orc:1    | Noticed Erolcha
 24292 | Orc:1    | Found a roughly hewn altar of Beogh.
 24303 | Orc:1    | Killed Erolcha
 24446 | D:15     | Entered Level 15 of the Dungeon
 24576 | D:15     | Got a dazzling flail
 24577 | D:15     | Identified the cursed +3 flail "Doaxzi" {pain, *Noise rPois
                  | Str+6 Dex+3} (You found it on level 15 of the Dungeon)
 24635 | D:15     | Learned a level 3 spell: Ozocubu's Armour
 24682 | D:15     | Reached skill level 1 in Charms
 24682 | D:15     | Reached skill level 1 in Ice Magic
 24866 | D:15     | Noticed Roxanne
 24878 | D:15     | Killed from afar by Roxanne

Levels and vault maps discovered:
D:1:      lemuel_arrival_lava_pool, layout_basic
D:2:      layout_basic, gammafunk_temple_overflow_pools, uniq_terence
D:3:      layout_basic, nicolae_ru_the_path_less_chosen, first_ration
D:4:      layout_loops_cross, vehumet_crystals
D:5:      layout_basic, gup_sewer_entry_bowl, serial_shops, shop,
          roderic_three_in_a_row, kennysheep_opposing_triangles
D:6:      layout_basic, zin_scriptorium,
          chequers_temple_overflow_statue_of_worship,
          minmay_temple_entry_butterflies, serial_shops,
          nicolae_shop_behind_doors, lemuel_tele_altar, uniq_edmund
D:7:      layout_loops_ring, old_standard_altar
D:8:      layout_basic, lemuel_crystal_altar
D:9:      layout_big_octagon, bloody_trog, grunt_lair_entry_orc_guard_hut,
          uniq_psyche
D:10:     layout_basic, uniq_snorg
D:11:     gammafunk_beogh_shrine, layout_basic, grunt_livestock,
          serial_bayou_pond_e, nicolae_blasting_shop
D:12:     layout_roguey, orc_0_dummy, kennysheep_generic_room_14
D:13:     minmay_general_purpose_star, layout_basic, serial_curves,
          eino_curves_02, eino_curves_01, enter_trove_6
D:14:     gammafunk_sealed_arena, layout_layer_cave, serial_shops,
          nicolae_shop_competitors_out_of_business, lemuel_altar_in_water
D:15:     grunt_enter_depths_hoard, layout_irregular_city,
          minmay_misc_feat_four_crosses, uniq_roxanne
Temple:   minmay_temple_bridge_abc
Lair:1:   layout_cave_pods, roderic_batcave
Lair:2:   layout_gridlike, infiniplex_staircase_pool_2, grunt_megastairs_2,
          lemuel_fruit_tree
Lair:3:   layout_gridlike, nicolae_swamp_entry_splash_gauntlet,
          minmay_snake_entry_guardpost_large, uniq_fannar, uniq_nergalle
Lair:4:   layout_regular_city, gammafunk_ghost_ooze, grunt_megastairs_5,
          infiniplex_staircase_pool, serial_bayou_shore_a
Lair:5:   layout_regular_city
Lair:6:   grunt_lair_end_beastmaster, layout_loops_ring,
          dpeg_slime_entry_enclosed_altar, uniq_urug
Orc:1:    layout_diamond_mine, basic_altar, enter_bailey_2, uniq_erolcha,
          uniq_sonja
Orc:2:    st_orc_town, layout_diamond_mine, basic_altar
Sewer:    sewer_co_15_rooms
Bailey:   bailey_polearm_3, bailey

Skill      XL: |  1  2  3  4  5  6  7  8  9 10 11 12 13 14 15 |
---------------+----------------------------------------------+-----
Axes           | 3 4 5 6 7 8 9 11 12 | 12.0
Fighting       | 4 5 6 7 8 10 11 | 11.3
Shields        | 4 5 6 7 8 9 |  9.7
Dodging        | 4 5 6 7 8 |  8.6
Stealth        | 4 |  4.4
Invocations    | 6 8 10 11 13 15 | 15.7
Translocations | 4 6 |  6.4
Evocations     | 6 9 |  9.1
Charms         | 2 |  2.1
Ice Magic      | 2 |  2.2

Action                   |  1- 3 |  4- 6 |  7- 9 | 10-12 | 13-15 || total
-------------------------+-------+-------+-------+-------+-------++-------
Melee: War axe           |    44 |    70 |   244 |   344 |   524 ||  1226
       Tentacles         |    10 |     9 |    45 |   127 |   223 ||   414
       Constrict         |    10 |    15 |    55 |    62 |    84 ||   226
       Flail             |       |       |       |    10 |     1 ||    11
 Cast: Lesser Beckoning  |       |       |       |     2 |     1 ||     3
       Apportation       |       |       |       |       |     2 ||     2
       Magic Dart        |       |       |       |       |     6 ||     6
Invok: Slouch            |       |       |       |     3 |     9 ||    12
       Bend Time         |       |       |       |     1 |       ||     1
Evoke: Wand              |       |       |     4 |    14 |    24 ||    42
  Use: Scroll            |    14 |     5 |     8 |    18 |    17 ||    62
       Potion            |     1 |     5 |     4 |     6 |     4 ||    20
 Stab: Sleeping          |     7 |     7 |    21 |    34 |    28 ||    97
       Invisible         |       |     1 |     1 |       |       ||     2
       Distracted        |       |       |       |     4 |     3 ||     7
       Confused          |       |       |       |       |     5 ||     5
       Petrified         |       |       |       |       |     8 ||     8
       Petrifying        |       |       |       |       |     3 ||     3
  Eat: Chunk             |       |     4 |     8 |     5 |    11 ||    28
       Ration            |       |       |     2 |     3 |     2 ||     7
Armor: Skin              |     4 |       |    14 |    31 |    11 ||    60
Dodge: Dodged            |    16 |    21 |   110 |   221 |   248 ||   616
Block: Shield            |    18 |    22 |   127 |   295 |   507 ||   969

Table legend:
 A = Non-vault XP
 B = Vault XP
 C = Vault XP percentage of total XP
 D = Non-vault monster count
 E = Vault monster count
 F = Vault count percentage of total count
                 A         B        C        D         E       F
            +---------+---------+-------+---------+---------+-------
      Total |   67001 |   46296 |  40.9 |     483 |     188 |  28.0
            +---------+---------+-------+---------+---------+-------
        D:1 |       7 |       0 |   0.0 |       5 |       0 |   0.0
        D:2 |     149 |      36 |  19.5 |      31 |       1 |   3.1
        D:3 |     139 |       0 |   0.0 |      29 |       0 |   0.0
        D:4 |     682 |       0 |   0.0 |      27 |       0 |   0.0
        D:5 |     688 |     102 |  12.9 |      17 |       7 |  29.2
        D:6 |     643 |     169 |  20.8 |      16 |       1 |   5.9
        D:7 |     892 |       0 |   0.0 |      23 |       0 |   0.0
        D:8 |     719 |       0 |   0.0 |      16 |       0 |   0.0
        D:9 |    1244 |    1024 |  45.1 |      21 |       7 |  25.0
       D:10 |    1634 |    1106 |  40.4 |      23 |       1 |   4.2
       D:11 |    2466 |    1000 |  28.9 |      28 |       5 |  15.2
       D:12 |    1568 |     273 |  14.8 |      11 |       2 |  15.4
       D:13 |    5008 |    1190 |  19.2 |      17 |       3 |  15.0
       D:14 |    3744 |       0 |   0.0 |      18 |       0 |   0.0
       D:15 |    5117 |    2111 |  29.2 |      17 |       2 |  10.5
     Lair:1 |    2574 |      70 |   2.6 |      15 |       9 |  37.5
     Lair:2 |    2526 |     382 |  13.1 |      11 |       1 |   8.3
     Lair:3 |    3111 |    4027 |  56.4 |      10 |      16 |  61.5
     Lair:4 |    5630 |    4794 |  46.0 |      26 |      16 |  38.1
     Lair:5 |    3238 |    1177 |  26.7 |      16 |       1 |   5.9
     Lair:6 |   15223 |   10671 |  41.2 |      54 |      21 |  28.0
      Orc:1 |    7569 |    1817 |  19.4 |      40 |       2 |   4.8
      Orc:2 |    2430 |    9417 |  79.5 |      12 |      59 |  83.1
      Sewer |       0 |     478 | 100.0 |       0 |      23 | 100.0
     Bailey |       0 |    6452 | 100.0 |       0 |      11 | 100.0
            +---------+---------+-------+---------+---------+-------
